 Dungeon Crawl Stone Soup version 0.25.1-2-g60ff931df9 (webtiles) character file.

Game seed: 16628456164454005995

931 Johnny the Digger (level 7, -7/50 HPs)
             Began as a Demigod Earth Elementalist on Oct 5, 2020.
             Shot with an arrow by a centaur (8 damage)
             ... on level 5 of the Dungeon.
             The game lasted 00:04:53 (5467 turns).

Johnny the Digger (Demigod Earth Elementalist)      Turns: 5467, Time: 00:04:54

Health: -7/50      AC:  3    Str: 11    XL:     7   Next: 55%
Magic:  12/17      EV: 12    Int: 23    God:
Gold:   127        SH:  0    Dex: 16    Spells: 2/15 levels left

rFire    . . .     SeeInvis .   r - +2 dagger (drain)
rCold    . . .     Gourm    .   (no shield)
rNeg     . . .     Faith    .   c - +0 robe
rPois    +         Spirit   .   s - +0 helmet
rElec    .         Reflect  .   (no cloak)
rCorr    .         Harm     .   (no gloves)
MR       .....                  (no boots)
Stlth    +++.......             (no amulet)
HPRegen  0.16/turn              f - ring of poison resistance
MPRegen  0.15/turn              n - ring of stealth

@: no status effects
A: high mp 1
a: no special abilities


You were on level 5 of the Dungeon.
You were not hungry.

You visited 1 branch of the dungeon, and saw 5 of its levels.

You collected 127 gold pieces.

Inventory:

Hand Weapons
 e - a +0 hand axe
 r - a +2 dagger of draining (weapon)
Missiles
 b - 44 stones (quivered)
Armour
 c - a +0 robe (worn)
 s - a +0 helmet (worn)
Jewellery
 f - a ring of poison resistance (left hand)
 n - a ring of stealth (right hand)
Wands
 t - a wand of flame (17)
Scrolls
 a - 3 scrolls of identify {unknown}
 h - a scroll of fog {unknown}
 i - 3 scrolls of remove curse {unknown}
 m - a scroll of noise {unknown}
 p - 3 scrolls of amnesia {unknown}
 q - 2 scrolls of teleportation {unknown}
 x - a scroll of enchant armour {unknown}
 y - a scroll of blinking {unknown}
 z - a scroll of immolation {unknown}
Potions
 g - a potion of magic {unknown}
 l - a potion of lignification {unknown}
 o - 3 potions of might
 u - a potion of flight {unknown}
 v - 2 potions of degeneration {unknown}
 w - 2 potions of curing {unknown}
 A - a potion of ambrosia {unknown}
Comestibles
 d - 10 rations


   Skills:
 - Level 1.7 Dodging
 - Level 1.7 Stealth
 + Level 4.6 Spellcasting
 - Level 0.8 Transmutations
 * Level 7.3 Earth Magic


You had 2 spell levels left.
You knew the following spells:

 Your Spells              Type           Power        Failure   Level  Hunger
a - Sandblast             Erth           #####.       1%          1    None
b - Stone Arrow           Conj/Erth      ###...       7%          3    ##.....
c - Lee's Rapid Deconstr  Erth           #####.....   14%         5    #####..
d - Petrify               Tmut/Erth      ###.....     19%         4    ####...

Your spell library contained the following spells:

 Spells                   Type           Power        Failure   Level  Hunger
 Passwall                 Tmut/Erth      ###.....     2%          2    None
 Magic Dart               Conj           #...         10%         1    None
 Blink                    Tloc           N/A          16%         2    None
 Call Imp                 Summ           #.......     16%         2    None
 Slow                     Hex            #.......     16%         2    None
 Conjure Flame            Conj/Fire      #.......     30%         3    ##.....
 Mephitic Cloud           Conj/Pois/Air  #.......     30%         3    ##.....


Dungeon Overview and Level Annotations

Branches:
Dungeon (5/15)
 Temple: D:4-7


Innate Abilities, Weirdness & Mutations

You have an increased reservoir of magic. (+10% MP)


Message History

The blast of sand hits the worker ant!
The worker ant is severely wounded.
b - 45 stones
Casting: Sandblast (safe; 1% risk of failure)
Confirm with . or Enter, or press ? or * to list all spells.
Aiming: Sandblast (safe; 1% risk of failure)
Press: ? - help, Shift-Dir - straight line, f/p - centaur
Aim: a centaur, wielding a +0 shortbow and quivering 12 arrows (heavily wounded)
The blast of sand hits the worker ant!
You kill the worker ant!
b - 44 stones The centaur shoots an arrow.
The arrow hits you!
* * * LOW HITPOINT WARNING * * *
Unknown command.
The centaur shoots an arrow.
The arrow hits you!
* * * LOW HITPOINT WARNING * * *
Things that are here:
an arrow; a scroll labeled VOECZU SUCAOT The centaur shoots an arrow.
The arrow hits you!
You die...

##. ..
.. ###
. ..# #
#.#.#.#
#.#.#.#
#..@..#
###(###
#(# #†#
#c#
#..#
#)## #.
#.


You could see a centaur.

Vanquished Creatures
  Sigmund (D:3)
  An ogre (D:4)
  A scorpion (D:4)
  3 killer bees (D:4)
  A howler monkey (D:4)
  A hound (D:4)
  3 orc wizards
  2 iguanas (D:4)
  Ijyb (D:3)
  2 worker ants
  Robin (D:3)
  3 gnolls (D:5)
  A river rat (D:4)
  3 adders
  3 oozes
  8 worms
  3 dart slugs
  A leopard gecko (D:4)
  20 orcs
  3 ball pythons
  4 giant cockroaches
  17 goblins
  10 hobgoblins
  3 kobolds
  4 quokkas
  5 bats
  2 frilled lizards (D:1)
  A quokka skeleton (D:4)
  3 rats
111 creatures vanquished.

Notes
Turn   | Place    | Note
-------+----------+-------------------------------------------
     0 | D:1      | Johnny the Demigod Earth Elementalist began the quest for
                  | the Orb.
     0 | D:1      | Reached XP level 1. HP: 14/14 MP: 5/5
    90 | D:1      | Reached skill level 3 in Earth Magic
   165 | D:1      | Reached XP level 2. HP: 8/20 MP: 0/7
  1058 | D:1      | You fall into a shaft and drop 1 floor!
  1412 | D:2      | Found a burning altar of Makhleb.
  1417 | D:2      | Found a snail-covered altar of Cheibriados.
  1417 | D:2      | Found an opulent altar of Gozag.
  1538 | D:2      | Reached XP level 3. HP: 10/26 MP: 7/9
  2873 | D:3      | Noticed Sigmund
  2911 | D:3      | Killed Sigmund
  2911 | D:3      | Reached skill level 5 in Earth Magic
  2911 | D:3      | Reached XP level 4. HP: 28/33 MP: 5/11
  2911 | D:3      | Reached XP level 5. HP: 32/38 MP: 5/12
  3476 | D:3      | Found a hide-covered altar of Uskayaw.
  3479 | D:3      | Noticed Robin
  3629 | D:3      | Noticed Ijyb
  3638 | D:3      | Killed Ijyb
  3659 | D:3      | Killed Robin
  3659 | D:3      | Reached XP level 6. HP: 34/45 MP: 5/14
  4043 | D:4      | Found a glowing golden altar of the Shining One.
  4539 | D:4      | Reached skill level 6 in Earth Magic
  4819 | D:4      | Reached XP level 7. HP: 36/50 MP: 12/16
  4828 | D:4      | Learned a level 3 spell: Stone Arrow
  4834 | D:4      | Learned a level 5 spell: Lee's Rapid Deconstruction
  4839 | D:4      | Learned a level 4 spell: Petrify
  5209 | D:4      | Reached skill level 7 in Earth Magic
  5395 | D:5      | Entered Level 5 of the Dungeon
  5466 | D:5      | HP: 1/50 [centaur/arrow (12)]
  5467 | D:5      | Shot with an arrow by a centaur

Illustrated notes

Levels and vault maps discovered:
D:1:      sevenhm_arrival_forest_fort_large_2, layout_basic
D:2:      minmay_inner_zag, layout_rooms, grunt_temple_overflow_open
D:3:      layout_loops_ring, nicolae_overflow_crystal_walls, first_ration,
          minmay_misc_feat_tiny, uniq_robin, uniq_ijyb, uniq_sigmund
D:4:      layout_basic, tso_metal_star, lightli_sewer_entry_pipes
D:5:      layout_loops_cross, evilmike_ruin_ashenzari

Skill      XL: |  1  2  3  4  5  6  7 |
---------------+----------------------+-----
Earth Magic    | 3 5 6 7 |  7.3
Spellcasting   | 2 3 4 |  4.6
Dodging        | |  1.7
Stealth        | |  1.7
Transmutations | |  0.8

Action                   |  1- 3 |  4- 6 |  7- 9 || total
-------------------------+-------+-------+-------++-------
Melee: Unarmed           |     7 |       |       ||     7
       Hand axe          |    90 |    16 |       ||   106
       Dagger            |       |    43 |    23 ||    66
 Cast: Sandblast         |    31 |    84 |    21 ||   136
Evoke: Wand              |       |       |     3 ||     3
  Use: Potion            |       |     1 |     1 ||     2
 Stab: Sleeping          |     4 |     5 |     3 ||    12
       Distracted        |     1 |       |     1 ||     2
  Eat: Chunk             |     6 |     6 |     2 ||    14
Armor: Robe              |    20 |    12 |     9 ||    41
Dodge: Dodged            |    73 |    63 |    16 ||   152
